 Dungeon Crawl Stone Soup version 0.31-a0-1029-ge8c24b2130 (webtiles) character file.

Game seed: 12842029499186662257

60 Anon1729 the Chopper (level 3, -8/34 HPs)
             Began as a Minotaur Monk on Nov 18, 2023.
             Mangled by a gnoll
             ... wielding a +2 halberd of protection
              (14 damage)
             ... on level 2 of the Dungeon.
             The game lasted 00:00:52 (897 turns).

Anon1729 the Chopper (Minotaur Monk)                 Turns: 897, Time: 00:00:53

Health: -8/34      AC:  3    Str: 17    XL:     3   Next: 80%
Magic:  2/2        EV: 13    Int:  7    God:
Gold:   90         SH:  0    Dex: 12    Spells: 2/2 levels left

rFire   . . .        a - +0 hand axe
rCold   . . .        d - orb {light}
rNeg    . . .        b - +0 robe
rPois   .            (helmet restricted)
rElec   .            f - +0 cloak
rCorr   .            (no gloves)
SInv    .            (no boots)
Will    .....        (no amulet)
Stlth   +            (no ring)
HPRegen 0.25/turn    (no ring)
MPRegen 0.08/turn

%: no passive effects
@: glowing
A: horns 2, retaliatory headbutt
a: no special abilities


You were on level 2 of the Dungeon.
You visited 1 branch of the dungeon, and saw 2 of its levels.

You collected 90 gold pieces.

Inventory:

Hand Weapons
 a - a +0 hand axe (weapon)
Armour
 b - a +0 robe (worn)
 d - an orb of light (worn)
 f - a +0 cloak (worn)
Scrolls
 e - a scroll of teleportation {unknown}
Potions
 c - a potion of ambrosia


   Skills:
 + Level 4.4 Fighting
 + Level 4.4 Axes
 + Level 4.0 Dodging


You had 2 spell levels left.
You didn't know any spells.
Your spell library contained the following spells:

 Spells                   Type           Power      Damage    Failure   Level
 Sublimation of Blood     Necr           0%         N/A       56%         2
 Wereblood                Tmut           0%         N/A       56%         2
 Summon Hydra             Summ           0%         N/A       100%        7


Dungeon Overview and Level Annotations

Branches:
Dungeon (2/15)

Altars:


Innate Abilities, Weirdness & Mutations

You have a pair of horns on your head.
You reflexively headbutt those who attack you in melee.


Message History

You feel sick. The adder closely misses you. You furiously retaliate!
You headbutt the adder.
You kill the adder!
No target in view!
No target in view!
No target in view!
No target in view!
You feel sick.
You feel sick.
You feel sick.
You feel sick.
You are no longer poisoned.
A gnoll is nearby!
A gnoll is nearby!
The gnoll throws a throwing net.
The throwing net barely misses you.
You see here a throwing net.
The gnoll hits you with a +2 halberd of protection.
You completely miss the gnoll. The gnoll barely misses you.
You hit the gnoll.
The gnoll is moderately wounded.
The gnoll hits you with a +2 halberd of protection.
You barely miss the gnoll.
The gnoll is moderately wounded.
The gnoll hits you with a +2 halberd of protection!
* * * LOW HITPOINT WARNING * * *
You are too injured to fight recklessly!
You are too injured to fight recklessly!
You are too injured to fight recklessly!
You are too injured to fight recklessly!
You are too injured to fight recklessly!
You hit the gnoll but do no damage.
The gnoll is moderately wounded.
The gnoll barely misses you.
You barely miss the gnoll.
The gnoll is moderately wounded.
The gnoll closely misses you.
You hit the gnoll but do no damage. Your headbutt misses the gnoll.
The gnoll is moderately wounded.
The gnoll hits you with a +2 halberd of protection!
You die...

#. ##..# .
###. #.... .
... ...#
#.#.. ...#
#.#.#..###..#
..........#
#..###.###.#
#...g.)....#
#..@##<#####
#.#(##)#
#.#.##.# #
#†##.# #.##.#
.....# #.####
#.# #.#


You could see a gnoll.

Vanquished Creatures
  An adder (D:2)
  3 gnolls
  2 dart slugs (D:1)
  A bat (D:1)
  2 endoplasms (D:1)
  A goblin (D:1)
  2 hobgoblins (D:1)
  2 quokkas (D:1)
  2 kobolds (D:1)
  5 rats (D:1)
21 creatures vanquished.

Notes
Turn   | Place    | Note
-------+----------+-------------------------------------------
     0 | D:1      | Anon1729 the Minotaur Monk began the quest for the Orb.
     0 | D:1      | Reached XP level 1. HP: 19/19 MP: 0/0
   189 | D:1      | Reached XP level 2. HP: 27/27 MP: 1/1
   792 | D:2      | Reached XP level 3. HP: 33/33 MP: 2/2
   897 | D:2      | Mangled by a gnoll

Illustrated notes

Levels and vault maps discovered:
D:1:      sevenhm_arrival_forest_fort_small_6, layout_basic
D:2:      wander_river, layout_loops_ring, lemuel_flame_loot_1

Skill      XL: |  1  2  3 |
---------------+----------+-----
Axes           | 4 |  4.4
Fighting       | 4 |  4.4
Dodging        | 4 |  4.0

Action                     || total
---------------------------++-------
  Melee: Hand axe          ||    50
         Headbutt          ||     8
 Armour: Robe              ||    23
  Dodge: Dodged            ||    38

Table legend: (Time is in decaauts)
 A = Elapsed time spent in this place.
 B = Non-inter-level travel time spent in this place.
 C = Inter-level travel time spent in this place.
 D = Time resting spent in this place.
 E = Time spent auto-exploring this place.
 F = Levels seen in this place.
 G = Mean time per level.
                   A        B        C        D        E       F      G
               +--------+--------+--------+--------+--------+-----+--------+
         Total |    903 |    842 |     61 |     52 |    663 |   2 |  451.5 |
       Dungeon |    903 |    842 |     61 |     52 |    663 |   2 |  451.5 |
               +--------+--------+--------+--------+--------+-----+--------+

Top non-repeatable levels by time:
     D:1: 846 daAuts
     D:2: 57 daAuts
